 Dungeon Crawl Stone Soup version 0.28-a0-691-gad6df49e81 (webtiles) character file.

Game seed: 3768104279899928793

251097 porpoise the Eclecticist (level 18, -24/105 HPs)
             Began as a Deep Elf Conjurer on Oct 19, 2021.
             Was the Champion of Vehumet.
             Killed from afar by an ironbound thunderhulk (45 damage)
             ... with a bolt of lightning
             ... on level 2 of the Vaults on Oct 21, 2021.
             The game lasted 05:17:44 (48062 turns).

porpoise the Eclecticist (Deep Elf Conjurer)       Turns: 48062, Time: 05:17:45

Health: -24/105    AC: 15    Str:  8    XL:     18   Next: 92%
Magic:  25/51      EV: 16    Int: 28    God:    Vehumet [******]
Gold:   1140       SH:  8    Dex: 13    Spells: 2/53 levels left

rFire   . . .      SeeInvis .   a - +0 staff of Battle
rCold   . . .      Faith    .   k - +3 warlock's mirror {reflect}
rNeg    . . .      Spirit   .   K - +2 robe {Archmagi}
rPois   .          Reflect  +   V - +0 helmet
rElec   .          Harm     .   H - scarf {repulsion}
rCorr   .          Rampage  .   f - +2 pair of gloves {archery}
Will    +....      Archmagi +   L - +2 pair of boots {Fly}
Stlth   ++++......              (no amulet)
HPRegen 0.27/turn               A - +4 ring of protection
MPRegen 0.32/turn               g - ring of magical power

@: marked, flying, repel missiles
A: no striking features
}: 2/15 runes: barnacled, gossamer
a: Renounce Religion


You were on level 2 of the Vaults.
You worshipped Vehumet.
Vehumet was exalted by your worship.
You visited 7 branches of the dungeon, and saw 34 of its levels.
You visited the Abyss 1 time.
You visited 1 bazaar.
You also visited: Bailey, Gauntlet, Ice Cave and Volcano.

You collected 5412 gold pieces.
You spent 4272 gold pieces at shops.

Inventory:

Hand Weapons
 a - the +0 staff of Battle (weapon)
   (You acquired it on level 7 of the Dungeon)

   It enhances your conjuration magic.
   It summons a battlesphere in combat, with strength depending on Conjurations
   skill.
   Its strikes trigger the battlesphere's blasts.
 b - the +3 sling "Punk" {acid, rCorr}
   (You bought it in a shop on level 2 of the Orcish Mines)

   Any ammunition fired from it is coated in acid, damaging and corroding those
   it strikes.
   rCorr:     It protects you from acid and corrosion.
Missiles
 e - 462 sling bullets
Armour
 f - a +2 pair of gloves of archery (worn)
 k - the +3 warlock's mirror (worn) {reflect}
   (You took it off a minotaur in a Gauntlet)

   It can block and reflect piercing ranged attacks and magical attacks against
   the wielder's willpower.
 H - a scarf of repulsion (worn)
 K - a +2 robe of the Archmagi (worn)
 L - a +2 pair of boots of flying (worn)
 V - a +0 helmet (worn)
Magical Staves
 w - a staff of cold
Jewellery
 g - a ring of magical power (right hand)
 r - the amulet of Ymovvon {RegenMP -Tele rPois rCorr}
   (You acquired it on level 3 of the Shoals)

   [amulet of magic regeneration]

   It increases your rate of magic regeneration.
   rPois:     It protects you from poison.
   -Tele:     It prevents most forms of teleportation.
   rCorr:     It protects you from acid and corrosion.
 A - a +4 ring of protection (left hand)
 B - a ring of see invisible
 R - a ring of positive energy
Wands
 l - a wand of paralysis (31)
 o - a wand of mindburst (44)
 u - a wand of acid (8)
 x - a wand of flame (68)
 z - a wand of charming (15)
 P - a wand of iceblast (81)
Scrolls
 c - 17 scrolls of teleportation
 d - 2 scrolls of summoning
 h - 2 scrolls of fear
 i - 4 scrolls of vulnerability
 v - 4 scrolls of magic mapping
 y - 6 scrolls of fog
 X - 3 scrolls of blinking
Potions
 j - a potion of might
 s - 2 potions of magic
 t - 6 potions of resistance
 C - 7 potions of haste
 E - 4 potions of cancellation
 F - 12 potions of curing
 J - a potion of ambrosia
 M - 10 potions of heal wounds
 O - 4 potions of lignification
 S - a potion of invisibility
 U - 6 potions of attraction
Miscellaneous
 D - a phantom mirror
 G - a condenser vane
 I - a tin of tremorstones (2/2)
 Z - a box of beasts


   Skills:
 - Level 9.1 Fighting
 - Level 4.0 Staves
 - Level 8.0 Slings
 - Level 9.0 Dodging
 - Level 9.5 Stealth
 - Level 7.0 Shields
 - Level 18.0 Spellcasting
 - Level 14.0 Conjurations
 + Level 15.6 Hexes
 + Level 4.0 Summonings
 - Level 7.0 Necromancy
 - Level 7.0 Translocations
 - Level 12.0 Transmutations
 - Level 7.0 Fire Magic
 - Level 12.6 Earth Magic
 - Level 7.0 Evocations


You had 2 spell levels left.
You knew the following spells:

 Your Spells              Type           Power      Damage    Failure   Level
a - Magic Dart            Conj           100%       1d8       0%          1
c - Fulminant Prism       Conj/Hex       63%        3d27      1%          4
d - Iskenderun's Mystic   Conj/Tloc      100%       2d19      1%          4
e - Iron Shot             Conj/Erth      61%        9d11      1%          6
f - Lehudib's Crystal Sp  Conj/Erth      61%        10d14     13%         8
l - Lee's Rapid Deconstr  Erth           48%        3d24*     1%          5
r - Irradiate             Conj/Tmut      60%        3d33      1%          5
s - Spellforged Servitor  Conj/Summ      53%        N/A       11%         7
t - Starburst             Conj/Fire      56%        6d15      1%          6
v - Borgnjor's Vile Clut  Necr/Erth      44%        N/A       1%          5

Your spell library contained the following spells:

 Spells                   Type           Power      Damage    Failure   Level
 Maxwell's Capacitive Co  Air            18%        ∞         100%        8
 Polar Vortex             Ice            18%        N/A       100%        9
 Passwall                 Tmut/Erth      80%        N/A       0%          2
 Searing Ray              Conj           100%       2d8       0%          2
 Slow                     Hex            100%       N/A       0%          2
 Animate Skeleton         Necr           100%       N/A       1%          1
 Apportation              Tloc           100%       N/A       1%          1
 Summon Small Mammal      Summ           100%       N/A       1%          1
 Scorch                   Fire           100%       2d10      1%          2
 Confusing Touch          Hex            100%       N/A       0%          3
 Dazzling Flash           Conj/Hex       100%       N/A       0%          3
 Call Canine Familiar     Summ           64%        N/A       1%          3
 Frozen Ramparts          Ice            74%        1d9       1%          3
 Portal Projectile        Hex/Tloc       100%       N/A       1%          3
 Summon Guardian Golem    Hex/Summ       88%        N/A       1%          3
 Vampiric Draining        Necr           38%        2d11      1%          3
 Animate Armour           Summ/Erth      100%       N/A       1%          4
 Animate Dead             Necr           38%        N/A       1%          4
 Flame Wave               Conj/Fire      100%       3d16      1%          4
 Ice Form                 Ice/Tmut       73%        N/A       1%          4
 Leda's Liquefaction      Hex/Erth       51%        N/A       1%          4
 Petrify                  Tmut/Erth      96%        N/A       1%          4
 Blade Hands              Tmut           47%        N/A       1%          5
 Iskenderun's Battlesphe  Conj           100%       2d15      1%          5
 Lightning Bolt           Conj/Air       49%        1d69      1%          5
 Metabolic Englaciation   Hex/Ice        40%        N/A       1%          5
 Invisibility             Hex            53%        N/A       1%          6
 Statue Form              Tmut/Erth      64%        N/A       1%          6
 Orb of Destruction       Conj           62%        9d17      1%          7
 Airstrike                Air            18%        N/A       4%          4
 Alistair's Intoxication  Tmut/Pois      48%        N/A       4%          5
 Swiftness                Air            37%        N/A       5%          3
 Eringya's Noxious Bog    Tmut/Pois      36%        N/A       6%          6
 Summon Ice Beast         Ice/Summ       53%        N/A       8%          4
 Summon Lightning Spire   Summ/Air       53%        N/A       8%          4
 Death Channel            Necr           38%        N/A       16%         6
 Summon Cactus Giant      Summ           32%        N/A       45%         6
 Storm Form               Tmut/Air       36%        N/A       77%         7
 Malign Gateway           Summ/Tloc      35%        N/A       83%         7
 Fire Storm               Conj/Fire      56%        8d14      99%         9
 Summon Horrible Things   Summ           32%        N/A       100%        8


Dungeon Overview and Level Annotations

Branches:
Dungeon (15/15)            Temple (1/1) D:5            Lair (6/6) D:10
 Shoals (4/4) Lair:2       Spider (4/4) Lair:4        Slime (0/5) Lair:5
    Orc (2/2) D:9             Elf (0/3) Orc:2        Vaults (2/5) D:13
 Depths (0/4) D:15         Bailey (visited)           IceCv (visited)
Volcano (visited)         Gauntlet (visited)
  Crypt: Vaults:2-3

Altars:
Ashenzari
Cheibriados
Dithmenos
Elyvilon
Fedhas
Gozag
Hepliaklqana
Kikubaaqudgha
Makhleb
Nemelex Xobeh
Okawaru
Qazlal
Ru
Sif Muna
Trog
Uskayaw
Vehumet
Wu Jian
Xom
Yredelemnul
Zin
The Shining One
Beogh

Shops:
D:4 (   D:8 [   D:9 (   D:11 *   Orc:1 *   Orc:2 [(**

Annotations:
D:5 3 runed translucent doors, AlleluiaPinecone's ghost, novice HOMo
Spider:3 exclusion: downstairs


Message History

Vehumet accepts your kill.
You feel your power returning.
The bolt of fire hits the ironbound preserver!!!
The ironbound preserver is moderately wounded.
The bolt of fire misses the deep troll.
The bolt of fire hits the centaur warrior!!
You kill the centaur warrior!
Vehumet accepts your kill.
You feel your power returning.
The bolt of fire hits the ironbound frostheart!!!
You kill the ironbound frostheart!
Vehumet accepts your kill.
The bolt of fire hits the ironbound convoker!!!
The ironbound convoker is almost dead.
The bolt of fire hits the ironbound thunderhulk!!!
You kill the ironbound thunderhulk!
Vehumet accepts your kill.
You feel your power returning.
You conjure a globe of magical energy.
The ironbound preserver hits your battlesphere with a +0 great mace!!
The ironbound convoker gestures at the ironbound convoker while chanting.
The ironbound convoker seems to grow stronger.
The ironbound convoker hits your battlesphere with a +0 great mace!!!
Your battlesphere is destroyed!
The deep troll bites your spellforged servitor!!
The deep troll claws your spellforged servitor!! x2
Your spellforged servitor is destroyed!
Your spellforged servitor disappears in a puff of smoke!
Electricity crackles from the ironbound thunderhulk's apparatus.
The bolt of lightning hits you!!
* * * LOW HITPOINT WARNING * * *
Your Summonings skill increases to level 4!
Blink to where?
Press: ? - help, Dir - move target
As you read the scroll of blinking, it crumbles to dust.
You conjure a globe of magical energy.
The ironbound convoker casts a spell at the ironbound thunderhulk.
The ironbound thunderhulk seems to grow stronger.
Electricity crackles from the ironbound thunderhulk's apparatus.
The bolt of lightning hits you!!!
You die...

.......#....p#
.......#...Op#
.......#.....#
.......'.....#
########.....#
#.....#
#.....#
#....*#
###....@#
..#.....#
..'.....#
#.#.....#
#.#.....#
#.#.....#
#.#.....#
#.#.....#
#.....#


You could see an ironbound preserver (strong), an ironbound thunderhulk (strong)
and a friendly battlesphere.

Vanquished Creatures
  Bai Suzhen (Spider:4)
  Nikola (Shoals:4)
  A shard shrike zombie (Abyss:3)
  Arachne (Spider:2)
  A kraken (Shoals:4)
  Kirke (Spider:4)
  Roxanne (D:15)
  Donald (Spider:2)
  A vault warden (Vaults:1)
  3 orc warlords
  4 ghost moths
  3 emperor scorpions
  Louise (Spider:1)
  6 ironbound preservers
  A draconian stormcaller (Abyss:3)
  5 entropy weavers
  Azrael (D:15)
  A minotaur (Gauntlet)
  4 spark wasps (Spider:4)
  4 merfolk javelineers
  A fire dragon (Volcano)
  6 merfolk impalers
  A great orb of eyes (Vaults:2)
  A quicksilver dragon zombie (Abyss:3)
  2 ice dragons (Abyss:3)
  2 boulder beetles
  2 ironbound thunderhulks
  4 centaur warriors
  An alligator snapping turtle (Shoals:3)
  14 hydras
  4 merfolk avatars
  3 ogre magi
  3 ironbound frosthearts
  A tengu warrior (D:14)
  3 catoblepae
  3 merfolk aquamancers
  5 satyrs
  2 two-headed ogres
  2 orc high priests (Orc:2)
  2 thrashing horrors (Abyss:3)
  2 large abominations (Abyss:3)
  A wretched star (Abyss:3)
  Sonja (Orc:2)
  A spatial maelstrom (Abyss:3)
  11 sea snakes
  23 deep trolls
  7 ironbound convokers
  2 starcursed masses (Abyss:3)
  4 bog bodies (Shoals:2)
  8 lindwurms
  5 wizards
  2 wolf spider zombies (D:15)
  A necromancer (D:15)
  A deep elf zephyrmancer (D:15)
  8 orb spiders
  10 harpies
  16 wolf spiders
  2 orc sorcerers
  17 ugly things
  5 deep elf pyromancers
  5 orc knights
  9 manticores
  21 fauns
  A salamander (Lair:6)
  6 elephants (Lair:6)
  13 slime creatures
  15 cyclopes
  8 merfolk sirens
  2 moths of wrath
  8 black mambas
  2 vault sentinels
  3 smoke demons (Volcano)
  3 ice statues
  A torpor snail (Lair:6)
  A water nymph (Shoals:4)
  An orange demon (Abyss:3)
  A gargoyle (D:7)
  Joseph (Lair:1)
  3 yaktaurs (Vaults:1)
  7 cane toads
  An unseen horror (D:11)
  3 rime drakes
  A freezing wraith (D:14)
  A minotaur zombie (Gauntlet)
  11 komodo dragons
  A tengu conjurer (D:14)
  9 demonic crawlers
  27 merfolk
  10 trolls
  4 wind drakes
  6 polar bears
  A tyrant leech (Gauntlet)
  28 jumping spiders
  7 dream sheep (Lair:6)
  12 hornets
  15 blink frogs
  17 snapping turtles
  2 shadows
  6 flying skulls (Gauntlet)
  2 wyverns
  5 water elementals
  9 fire bats
  28 tarantellas
  59 redbacks
  2 hogs (Spider:4)
  48 yaks
  A hog (shapeshifter) (D:15)
  A vampire (D:13)
  A wraith (D:13)
  3 fire elementals (D:15)
  5 humans (D:10)
  3 basilisks
  A dire elephant simulacrum (IceCv)
  7 chaos spawn (Abyss:3)
  7 steam dragons
  3 small abominations (Abyss:3)
  13 vampire mosquitoes
  3 wargs (Orc:1)
  2 swamp worms (Gauntlet)
  A spatial vortex (Abyss:3)
  An acid dragon (D:12)
  12 water moccasins
  6 hell hounds
  45 orc warriors
  14 ogres
  4 ice beasts
  5 black bears
  4 boggarts (D:14)
  19 wolves
  19 centaurs
  4 kobold brigands (D:9)
  12 bullfrogs
  7 gnoll sergeants
  2 scorpions
  18 killer bees
  9 wights
  2 electric eels
  A vampire bat (D:15)
  8 howler monkeys
  A lava snake (D:15)
  A quasit (Abyss:3)
  5 centaur zombies
  A bullfrog zombie (D:5)
  5 hounds (D:8)
  3 jellies
  17 orc priests
  3 centaur skeletons
  A gnoll shaman (D:8)
  2 iguanas
  32 orc wizards
  13 hell rats
  2 polar bear simulacra (IceCv)
  A wolf simulacrum (IceCv)
  2 hound skeletons
  A howler monkey zombie (D:5)
  31 gnolls
  5 adders
  A shadow imp (Gauntlet)
  16 white imps
  4 dart slugs
  2 worms
  105 orcs
  9 ball pythons
  13 bats
  4 endoplasms
  24 hobgoblins
  17 jackals
  6 kobolds
  5 frilled lizards
  19 goblins
  6 rats
  2 fulminant prisms
  3 tentacles (Shoals:4)
1262 creatures vanquished.

Vanquished Creatures (collateral kills)
  An ironbound preserver (Vaults:2)
  5 slime creatures (Vaults:2)
6 creatures vanquished.

Vanquished Creatures (others)
  A merfolk (Shoals:4)
  A wolf spider simulacrum (D:15)
  4 humans (Spider:4)
  An orc (Orc:1)
  142 fulminant prisms
  26 fungi
  273 plants
  A tentacle (Shoals:4)
449 creatures vanquished.

Grand Total: 1717 creatures vanquished

Notes
Turn   | Place    | Note
-------+----------+-------------------------------------------
     0 | D:1      | porpoise the Deep Elf Conjurer began the quest for the Orb.
     0 | D:1      | Reached XP level 1. HP: 10/10 MP: 6/6
   224 | D:1      | Reached XP level 2. HP: 15/15 MP: 2/8
   415 | D:1      | Found a faded altar of an unknown god.
   463 | D:1      | Learned a level 2 spell: Searing Ray
   742 | D:1      | Reached skill level 4 in Spellcasting
   797 | D:1      | Reached XP level 3. HP: 19/19 MP: 0/10
  1138 | D:1      | Reached skill level 5 in Conjurations
  2432 | D:3      | Reached XP level 4. HP: 23/23 MP: 5/12
  2437 | D:3      | Learned a level 4 spell: Leda's Liquefaction
  2442 | D:3      | Learned a level 4 spell: Fulminant Prism
  2719 | D:3      | Reached skill level 1 in Hexes
  2833 | D:3      | Noticed a black bear
  2840 | D:3      | Killed a black bear
  2841 | D:3      | Reached skill level 5 in Spellcasting
  2841 | D:3      | Reached XP level 5. HP: 25/28 MP: 5/15
  3326 | D:4      | Learned a level 4 spell: Iskenderun's Mystic Blast
  3367 | D:4      | Found Dous's Weapon Shop.
  3424 | D:4      | Reached skill level 6 in Spellcasting
  4105 | D:4      | Reached XP level 6. HP: 32/32 MP: 13/17
  4765 | D:5      | Entered Level 5 of the Dungeon
  4932 | D:5      | Reached skill level 7 in Spellcasting
  4932 | D:5      | Reached skill level 5 in Hexes
  4938 | D:5      | Reached skill level 1 in Translocations
  4938 | D:5      | Reached XP level 7. HP: 36/36 MP: 6/19
  5318 | D:5      | Found a staircase to the Ecumenical Temple.
  5324 | Temple   | Entered the Ecumenical Temple
  5417 | Temple   | Became a worshipper of Vehumet
  5630 | D:5      | Found a runed translucent gate.
  5630 | D:5      | Found a runed translucent gate.
  5631 | D:5      | Found a runed translucent gate.
  5634 | D:5      | Noticed AlleluiaPinecone's ghost (novice HOMo)
  5959 | D:6      | Noticed a steam dragon
  6170 | D:6      | Reached XP level 8. HP: 27/41 MP: 15/20
  6174 | D:6      | Reached skill level 5 in Translocations
  6945 | D:6      | Found a hazy altar of Hepliaklqana.
  7050 | D:6      | Found a white marble altar of Elyvilon.
  7161 | D:7      | Identified a scroll of acquirement
  7161 | D:7      | Acquired the +0 staff of Battle
  7161 | D:7      | Found the +0 staff of Battle
  7216 | D:7      | Reached skill level 8 in Spellcasting
  7218 | D:7      | Reached skill level 1 in Fighting
  7300 | D:7      | Reached * piety under Vehumet
  7300 | D:7      | Offered knowledge of Shock by Vehumet.
  7392 | D:7      | Noticed a gargoyle
  7397 | D:7      | Killed a gargoyle
  7398 | D:7      | Reached skill level 9 in Spellcasting
  7447 | D:7      | Reached XP level 9. HP: 24/51 MP: 14/24
  7959 | D:7      | Acquired a scarf of repulsion
  8782 | D:8      | Found Uxekkoe's Antique Armour Boutique.
  8794 | D:8      | Bought a pair of embroidered gloves for 172 gold pieces
  8987 | D:8      | Reached skill level 5 in Fighting
  9317 | D:8      | Offered knowledge of Poisonous Vapours by Vehumet.
  9323 | D:8      | Reached ** piety under Vehumet
  9326 | D:8      | Reached skill level 10 in Spellcasting
  9586 | D:8      | Reached skill level 5 in Dodging
  9750 | D:8      | Reached XP level 10. HP: 59/59 MP: 23/26
 10106 | D:8      | Offered knowledge of Scorch by Vehumet.
 10588 | D:9      | Noticed an ice statue
 10594 | D:9      | Reached *** piety under Vehumet
 10595 | D:9      | Reached skill level 11 in Spellcasting
 10633 | D:9      | Found a flagged portal.
 10670 | Bailey   | Entered a bailey
 11022 | Bailey   | Offered knowledge of Ignite Poison by Vehumet.
 11087 | Bailey   | Noticed an orc knight
 11091 | Bailey   | Killed an orc knight
 11123 | Bailey   | Noticed an orc knight
 11123 | Bailey   | Noticed an orc warlord
 11132 | Bailey   | Killed an orc warlord
 11133 | Bailey   | Reached skill level 12 in Spellcasting
 11134 | Bailey   | Killed an orc knight
 11143 | Bailey   | Reached **** piety under Vehumet
 11209 | Bailey   | Reached skill level 5 in Evocations
 11240 | Bailey   | Offered knowledge of Irradiate by Vehumet.
 11247 | Bailey   | Learned a level 5 spell: Irradiate
 11770 | D:9      | Identified the +2 leather armour of Porept {Harm *Corrode
                  | rElec Str+7}
 11791 | D:9      | Noticed an eight-headed hydra
 11794 | D:9      | Killed an eight-headed hydra
 11795 | D:9      | Reached XP level 11. HP: 63/63 MP: 21/29
 11795 | D:9      | Noticed a green ugly thing
 11797 | D:9      | Killed a green ugly thing
 11798 | D:9      | Reached skill level 5 in Stealth
 12240 | D:9      | Found Tinuenn's Antique Weapon Emporium.
 12274 | D:9      | Reached skill level 10 in Hexes
 12277 | D:9      | Reached ***** piety under Vehumet
 12721 | D:9      | Offered knowledge of Flame Wave by Vehumet.
 12727 | D:9      | Learned a level 4 spell: Flame Wave
 12931 | D:9      | Reached skill level 1 in Transmutations
 12931 | D:9      | Reached skill level 1 in Fire Magic
 12956 | D:9      | Reached skill level 5 in Transmutations
 12956 | D:9      | Reached skill level 5 in Fire Magic
 12956 | D:9      | Reached XP level 12. HP: 68/68 MP: 27/30
 12977 | D:9      | Acquired 1139 gold pieces
 12987 | D:9      | Identified the amulet "Atwah" {Regen+ Slay+4}
 13115 | D:9      | Found a staircase to the Orcish Mines.
 13166 | D:10     | Entered Level 10 of the Dungeon
 13332 | D:10     | Found a staircase to the Lair.
 13893 | Lair:1   | Entered Level 1 of the Lair of Beasts
 13902 | Lair:1   | Noticed a five-headed hydra
 13907 | Lair:1   | Killed a five-headed hydra
 14068 | Lair:1   | Identified the +6 long sword "Death Rattle" {vorpal, Str+3
                  | Int+3 SInv Stlth+}
 14339 | Lair:1   | Noticed Joseph
 14343 | Lair:1   | Killed Joseph
 14892 | Lair:2   | Noticed an eight-headed hydra
 14895 | Lair:2   | Killed an eight-headed hydra
 14960 | Lair:2   | Reached skill level 13 in Spellcasting
 15028 | Lair:2   | Found a staircase to the Shoals.
 15102 | Lair:2   | Reached XP level 13. HP: 72/72 MP: 26/32
 15305 | Lair:2   | Found a gate leading to a gauntlet.
 15314 | Gauntlet | Entered a Gauntlet
 15314 | Gauntlet | Found a transporter.
 15421 | Gauntlet | Found a transporter.
 15423 | Gauntlet | Found a transporter.
 15434 | Gauntlet | Found a transporter.
 15437 | Gauntlet | Found a transporter.
 15446 | Gauntlet | Found a transporter.
 15464 | Gauntlet | Found a transporter.
 15475 | Gauntlet | Found the +7 Singing Sword {vorpal, sonic wave}
 15476 | Gauntlet | Found a transporter.
 15484 | Gauntlet | Found a runed translucent door.
 15487 | Gauntlet | Found a transporter.
 15488 | Gauntlet | Found a runed translucent door.
 15501 | Gauntlet | Found a transporter.
 15501 | Gauntlet | Found a transporter.
 15518 | Gauntlet | Found a transporter.
 15524 | Gauntlet | Found a transporter.
 15525 | Gauntlet | Found a transporter.
 15796 | Gauntlet | Got the Compendium of the Forsaken Ghosts
 15797 | Gauntlet | Identified the +1 pair of gloves of Darkness {Rampage rPois
                  | Dex+3}
 15804 | Gauntlet | Acquired 919 gold pieces
 15818 | Gauntlet | Found the ring of the Octopus King {Fly AC+1 EV+1 Str+1
                  | Int+1 Dex+1}
 15818 | Gauntlet | Noticed a minotaur
 15825 | Gauntlet | Killed a minotaur
 15854 | Gauntlet | Got The Arcane Secrets of Wizardry
 15863 | Gauntlet | Reached skill level 14 in Spellcasting
 16704 | Lair:3   | Offered knowledge of Yara's Violent Unravelling by Vehumet.
 17853 | Lair:4   | Reached skill level 15 in Spellcasting
 18531 | Lair:4   | Found a hole to the Spider Nest.
 18783 | Lair:5   | Reached skill level 10 in Conjurations
 18856 | Lair:5   | Reached skill level 16 in Spellcasting
 18942 | Lair:5   | Learned a level 7 spell: Orb of Destruction
 19134 | Lair:5   | Found a staircase to the Slime Pits.
 19437 | Lair:6   | Entered Level 6 of the Lair of Beasts
 19723 | Lair:6   | Reached XP level 14. HP: 78/78 MP: 29/36
 19740 | Lair:6   | Offered knowledge of Iskenderun's Battlesphere by Vehumet.
 20196 | Lair:6   | Reached skill level 10 in Transmutations
 20992 | Lair:6   | Identified the +5 trident "Ehuph" {flame, *Rage rPois Will+
                  | Int+3}
 21007 | Lair:6   | Identified the +2 leather armour of Baldness {rElec rPois
                  | Str-5 Slay+4}
 21382 | Lair:1   | Upgraded the game from 0.28-a0-683-ga8797d1ae1 to
                  | 0.28-a0-687-gb91baff9cc
 21585 | D:11     | Identified the +3 falchion of Mastery {vorpal, Int+3}
 22052 | D:11     | Found Waliw's General Store.
 22640 | D:12     | Found a frozen archway.
 22644 | D:12     | Offered knowledge of Fireball by Vehumet.
 22651 | IceCv    | Entered an ice cave
 22857 | IceCv    | Found a transporter.
 22869 | IceCv    | Found a transporter.
 22877 | IceCv    | HP: 1/78 [white ugly thing (12)]
 22962 | IceCv    | Identified the +8 ring mail "Wixtem" {Rampage}
 22969 | IceCv    | Identified the +1 leather armour of Ru's Envy {Dex+5
                  | Stlth+}
 23161 | D:12     | Learned a level 6 spell: Iron Shot
 23398 | D:12     | Reached skill level 1 in Earth Magic
 24329 | D:13     | Reached XP level 15. HP: 82/82 MP: 32/37
 24740 | D:13     | Cast into level 3 of the Abyss (a wizard)
 24746 | Abyss:3  | Reached skill level 5 in Earth Magic
 25005 | Abyss:3  | Offered knowledge of Ozocubu's Refrigeration by Vehumet.
 25129 | D:13     | Escaped the Abyss
 25284 | D:13     | Found a gate to the Vaults.
 26034 | D:14     | Found a sacrificial altar of Ru.
 27248 | D:15     | Entered Level 15 of the Dungeon
 27618 | D:15     | Acquired a +0 pair of boots of stealth
 27766 | D:15     | Noticed Azrael
 27769 | D:15     | Killed Azrael
 27856 | D:15     | Noticed Roxanne
 27880 | D:15     | Killed Roxanne
 27881 | D:15     | Reached skill level 5 in Shields
 27952 | D:15     | Learned a level 5 spell: Lee's Rapid Deconstruction
 27980 | D:15     | Learned a level 5 spell: Borgnjor's Vile Clutch
 28187 | D:15     | Offered knowledge of Eringya's Noxious Bog by Vehumet.
 28192 | D:15     | Reached skill level 1 in Necromancy
 28215 | D:15     | Found a staircase to the Depths.
 29145 | Spider:1 | Entered Level 1 of the Spider Nest
 29159 | Spider:1 | Reached XP level 16. HP: 80/92 MP: 37/38
 29384 | Spider:1 | Noticed Louise
 29388 | Spider:1 | Killed Louise
 29462 | Spider:1 | Reached skill level 5 in Necromancy
 30537 | Spider:2 | Noticed Donald
 30542 | Spider:2 | Killed Donald
 31078 | Spider:2 | Noticed Arachne
 31082 | Spider:2 | Killed Arachne
 31381 | Spider:2 | Offered knowledge of Ignition by Vehumet.
 33021 | Spider:4 | Entered Level 4 of the Spider Nest
 33051 | Spider:4 | Noticed Bai Suzhen
 33338 | Spider:4 | Killed Bai Suzhen
 33685 | Spider:4 | Noticed Kirke
 33688 | Spider:4 | Killed Kirke
 33838 | Spider:4 | Reached skill level 1 in Staves
 34163 | Spider:4 | Reached ****** piety under Vehumet
 34206 | Spider:4 | Reached XP level 17. HP: 100/100 MP: 39/39
 34568 | Spider:4 | Reached skill level 17 in Spellcasting
 34766 | Spider:4 | Got a gossamer rune of Zot
 35184 | Orc:1    | Entered Level 1 of the Orcish Mines
 35374 | Orc:2    | Entered Level 2 of the Orcish Mines
 35673 | Orc:2    | Found a dark tunnel.
 35683 | Volcano  | Entered a volcano
 35766 | Volcano  | Offered knowledge of Lehudib's Crystal Spear by Vehumet.
 35766 | Volcano  | Offered knowledge of Polar Vortex by Vehumet.
 35766 | Volcano  | Offered knowledge of Maxwell's Capacitive Coupling by
                  | Vehumet.
 36624 | Orc:2    | Found a staircase to the Elven Halls.
 37048 | Orc:2    | Reached skill level 10 in Earth Magic
 37073 | Orc:2    | Found Coraze's Antique Armour Shoppe.
 37075 | Orc:2    | Found Bumes's Antique Weapon Emporium.
 37085 | Orc:2    | Bought the +3 sling "Punk" {acid, rCorr} for 2278 gold
                  | pieces
 37085 | Orc:2    | Found the +3 sling "Punk" {acid, rCorr}
 37094 | Orc:2    | Bought a shiny helmet for 277 gold pieces
 37094 | Orc:2    | Bought a colourful robe for 210 gold pieces
 37094 | Orc:2    | Identified the +0 robe of Fedhas's Hope {Contam rElec
                  | Stlth+} (You bought it in a shop on level 2 of the Orcish
                  | Mines)
 37459 | Orc:2    | Found Toawugg's General Store.
 37764 | Orc:2    | Noticed Sonja
 37767 | Orc:2    | Killed Sonja
 38084 | Orc:2    | Found Corist's General Store.
 38144 | Orc:1    | Reached skill level 1 in Slings
 38153 | Orc:1    | Reached skill level 18 in Spellcasting
 38378 | Orc:1    | Found Exkeb's General Store.
 38386 | Orc:1    | Bought a potion of heal wounds for 85 gold pieces
 38710 | Lair:1   | Upgraded the game from 0.28-a0-687-gb91baff9cc to
                  | 0.28-a0-691-gad6df49e81
 38818 | Shoals:1 | Entered Level 1 of the Shoals
 41231 | Shoals:2 | Reached skill level 5 in Slings
 41856 | Shoals:3 | Acquired the amulet of Ymovvon {RegenMP -Tele rPois rCorr}
 42091 | Shoals:3 | Reached XP level 18. HP: 105/105 MP: 42/42
 42717 | Shoals:4 | Entered Level 4 of the Shoals
 42730 | Shoals:4 | Noticed Nikola
 42740 | Shoals:4 | Killed Nikola
 43540 | Shoals:4 | Identified the +8 hand crossbow "Hopuesumm" {penet, rCorr}
 44567 | Shoals:4 | Got a barnacled rune of Zot
 44865 | Vaults:1 | Entered Level 1 of the Vaults
 45185 | Vaults:1 | Found a flickering gateway to a bazaar.
 45191 | Bazaar   | Entered a bazaar
 45325 | Bazaar   | Found Ucozimn's Antique Armour Shop.
 45350 | Bazaar   | Found Gesehucylo's Book Shop.
 45404 | Bazaar   | Bought Great Wizards, Vol. II for 266 gold pieces
 45404 | Bazaar   | Bought a book of Burglary for 196 gold pieces
 45404 | Bazaar   | Bought a book of Spectacle for 224 gold pieces
 45412 | Bazaar   | Learned a level 6 spell: Starburst
 46885 | Orc:2    | Bought a scroll of magic mapping for 42 gold pieces
 46885 | Orc:2    | Bought a condenser vane for 480 gold pieces
 46922 | Orc:2    | Bought a scroll of magic mapping for 42 gold pieces
 47129 | Lair:1   | Learned a level 7 spell: Spellforged Servitor
 47320 | Lair:1   | Learned a level 8 spell: Lehudib's Crystal Spear
 47715 | Vaults:2 | Reached skill level 1 in Summonings
 47772 | Vaults:2 | Reached skill level 15 in Hexes
 48062 | Vaults:2 | Killed from afar by an ironbound thunderhulk

Illustrated notes

Levels and vault maps discovered:
D:1:      kilobyte_arrival_exit_the_forest, layout_loops_ring,
          ebering_ecumenical_altar_mist
D:2:      layout_basic
D:3:      layout_rooms
D:4:      layout_loops_corners, serial_shops, shop
D:5:      layout_loops_cross, minmay_temple_entry_purple_smoke,
          gammafunk_ghost_necromancy
D:6:      minmay_flawed_box, layout_rooms, mainiacjoe_overflow_swirl
D:7:      layout_rooms
D:8:      layout_cave_pools, serial_gnoll_camp, gnoll_camp_mini_sergeant,
          gnoll_camp_mini_doghouse, gnoll_camp_mini_house, gnoll_camp_medium_01,
          gnoll_camp_mini_shop, gnoll_camp_mini_basic
D:9:      minmay_cornered_nines, layout_gridville,
          kennysheep_orc_monster_closet_entryway, serial_shops, shop,
          enter_bailey_8, serial_bayou_pond_d, minivault_15
D:10:     layout_big_octagon, minmay_ruffians
D:11:     layout_roguey, serial_shops, shop, minmay_diamond_spiral
D:12:     layout_grid_maze, portal_ice_cave_entry_imps
D:13:     layout_rooms, david_vaults_1, minmay_misc_feat_x,
          minmay_misc_feat_ornament
D:14:     layout_stronghold, nicolae_ru_awakened_eye, kennysheep_generic_room_15
D:15:     grunt_enter_depths_magical_seal, layout_long_grid,
          minmay_misc_feat_square, roderic_batcave, kennysheep_flooded_box,
          uniq_roxanne, uniq_azrael
Temple:   regret_index_temple_chain_breaker
Lair:1:   layout_regular_city, chequers_serial_rivers_marsh,
          chequers_serial_rivers_micro_a, minmay_holes, grunt_megastairs_2,
          uniq_joseph
Lair:2:   layout_cellular_growth, elwin_shoals_entry_rocks,
          gauntlet_entry_generic, grunt_megastairs_5
Lair:3:   layout_loops_ring
Lair:4:   layout_regular_city, spider_nest_entry_rubble,
          nicolae_quartered_pool_medium
Lair:5:   layout_cave_shapes, dpeg_slime_entry_corner
Lair:6:   gammafunk_lair_ancient_temple, layout_gridlike
Shoals:1: layout_shoals, st_cyclops
Shoals:2: layout_shoals, nicolae_shoals_secluded_bog, uniq_jorgrun
Shoals:3: layout_shoals
Shoals:4: shoals_end_grunt_garden, layout_shoals, uniq_nikola
Spider:1: layout_spider_delve, uniq_louise
Spider:2: nicolae_spider_hilbert_zone_5 [nicolae_spider_hilbert_3_sides_1_open,
          nicolae_spider_hilbert_4_sides_1_open,
          nicolae_spider_hilbert_4_sides_1_open,
          nicolae_spider_hilbert_6_sides_1_open,
          nicolae_spider_hilbert_6_sides_1_open], uniq_donald, uniq_arachne
Spider:3: layout_spider_delve
Spider:4: spider_rune_water, uniq_bai_suzhen, uniq_kirke
Orc:1:    layout_caves, serial_shops, shop_statue
Orc:2:    grunt_orc_community_town_hall, layout_caves,
          grunt_orc_community_big_house_2, grunt_orc_community_big_house_2,
          grunt_orc_community_house_2, grunt_orc_community_house_2,
          grunt_orc_community_house_3, grunt_orc_community_house_2,
          nicolae_volcano_entry_batcave, nicolae_orc_flooded_monolith,
          uniq_sonja
Vaults:1: v_misc_19, nicolae_vaults_back_hallway, v_misc_8,
          nicolae_vaults_mini_display_case, vaults_room_pools,
          vaults_dpeg_encased_lava, nicolae_vaults_little_squares_6,
          nicolae_vaults_angled_halls, hangedman_vaults_corner_blocks,
          ontoclasm_vaults_chip, v_misc_19, nicolae_vaults_gold_heap,
          layout_vaults_omnicross, serial_shops, bzr_entry_water
Vaults:2: grunt_vaults_trifunnel, vaults_room_fancy_cross, v_misc_18,
          nicolae_vaults_puzzle_piece, minmay_crypt_entry_simple_round,
          v_rooms_4, vaults_standard_mumra_lines, vaults_mumra_minichess,
          ontoclasm_vaults_shuriken, layout_vaults_ring, uniq_mennas

Skill      XL: |  1  2  3  4  5  6  7  8  9 10 11 12 13 14 15 16 17 18 |
---------------+-------------------------------------------------------+-----
Spellcasting   | 4 5 6 7 9 10 12 13 16 18 | 18.0
Conjurations   | 5 6 7 11 12 13 14 | 14.0
Hexes          | 2 4 6 7 9 10 11 12 13 14 15 | 15.6
Translocations | 1 4 5 7 |  7.0
Fighting       | 3 5 7 9 |  9.1
Dodging        | 5 7 9 |  9.0
Evocations     | 5 7 |  7.0
Stealth        | 4 7 9 |  9.5
Transmutations | 5 7 8 12 | 12.0
Fire Magic     | 5 7 |  7.0
Shields        | 3 4 5 7 |  7.0
Earth Magic    | 3 7 9 10 12 | 12.6
Necromancy     | 2 7 |  7.0
Staves         | 3 4 |  4.0
Slings         | 5 8 |  8.0
Summonings     | 4 |  4.0

Action                   |  1- 3 |  4- 6 |  7- 9 | 10-12 | 13-15 | 16-18 || total
-------------------------+-------+-------+-------+-------+-------+-------++-------
Melee: Staff             |       |       |       |     1 |     4 |     7 ||    12
 Fire: Hunting sling     |    10 |    19 |    28 |     1 |       |       ||    58
       Fustibalus        |       |       |       |       |       |    24 ||    24
 Cast: Magic Dart        |    77 |    19 |    50 |   237 |   302 |   400 ||  1085
       Searing Ray       |     3 |    20 |    37 |    18 |    72 |    42 ||   192
       Fulminant Prism   |       |     2 |    15 |    20 |    49 |    58 ||   144
       Iskenderun's Myst |       |       |     3 |    20 |    90 |    99 ||   212
       Flame Wave        |       |       |       |       |    13 |     7 ||    20
       Irradiate         |       |       |       |       |    10 |     1 ||    11
       Iron Shot         |       |       |       |       |    21 |   137 ||   158
       Orb of Destructio |       |       |       |       |     1 |    43 ||    44
       Lee's Rapid Decon |       |       |       |       |       |    48 ||    48
       Borgnjor's Vile C |       |       |       |       |       |     6 ||     6
       Starburst         |       |       |       |       |       |     8 ||     8
       Spellforged Servi |       |       |       |       |       |     5 ||     5
Evoke: Wand              |       |       |       |       |     1 |     8 ||     9
  Use: Scroll            |       |     7 |    11 |     8 |    12 |     8 ||    46
       Potion            |       |       |       |     2 |     4 |     1 ||     7
Armor: Robe              |     6 |     1 |     2 |     2 |    37 |    39 ||    87
Dodge: Dodged            |    22 |     4 |    26 |    32 |    90 |   137 ||   311
       Repelled          |       |       |     1 |       |     5 |     8 ||    14
Block: Buckler           |       |       |       |       |    61 |    80 ||   141
       Reflection        |       |       |       |       |    18 |    30 ||    48

Table legend: (Time is in decaauts)
 A = Elapsed time spent in this place.
 B = Non-inter-level travel time spent in this place.
 C = Inter-level travel time spent in this place.
 D = Time resting spent in this place.
 E = Time spent auto-exploring this place.
 F = Levels seen in this place.
 G = Mean time per level.
                   A        B        C        D        E       F      G
               +--------+--------+--------+--------+--------+-----+--------+
         Total |  48190 |  44655 |   3535 |  17777 |  18829 |  40 | 1204.8 |
       Dungeon |  20184 |  18619 |   1565 |   7368 |   8828 |  15 | 1345.6 |
        Temple |    109 |     94 |     15 |      0 |     71 |   1 |  109.0 |
          Lair |   9053 |   8132 |    921 |   2895 |   3543 |   6 | 1508.8 |
        Shoals |   5496 |   5099 |    397 |   1942 |   1908 |   4 | 1374.0 |
   Spider Nest |   5359 |   5143 |    216 |   2216 |   2193 |   4 | 1339.8 |
  Orcish Mines |   2769 |   2430 |    339 |    914 |   1050 |   2 | 1384.5 |
        Vaults |   1988 |   1908 |     80 |    628 |    765 |   2 |  994.0 |
         Abyss |    388 |    388 |      0 |    237 |      0 |   1 |  388.0 |
        Bazaar |    233 |    233 |      0 |    125 |      0 |   1 |  233.0 |
        Bailey |    935 |    935 |      0 |    532 |    154 |   1 |  935.0 |
      Ice Cave |    436 |    436 |      0 |    373 |      0 |   1 |  436.0 |
       Volcano |    604 |    604 |      0 |    275 |    119 |   1 |  604.0 |
      Gauntlet |    630 |    630 |      0 |    271 |    198 |   1 |  630.0 |
               +--------+--------+--------+--------+--------+-----+--------+

Top non-repeatable levels by time:
  Lair:1: 2437 daAuts
     D:8: 2292 daAuts
     D:9: 2233 daAuts
   Orc:2: 2042 daAuts
     D:4: 1716 daAuts
Spider:4: 1689 daAuts
  Lair:4: 1645 daAuts
Vaults:1: 1639 daAuts
    D:15: 1569 daAuts
Shoals:2: 1525 daAuts
  Lair:6: 1473 daAuts
Shoals:3: 1423 daAuts
     D:1: 1373 daAuts
  Lair:3: 1353 daAuts
    D:14: 1341 daAuts
